[ AOE2 MATCH · #461202374 ]
UnrankedGoths vs Persians
[ REPLAY ANALYSIS · EXTRACTED FROM THE RECORDED GAME ]
Feudal
—
Castle
—
Imperial
—
| APM avg | 34.3 |
| APM peak | 164 |
| eAPM avg | 29.8 |
| Villagers / military | 160 / 1384 |
Focus
⚔️ 58.3% · 🌾 41.7%
Spearman ×613 · Huskarl ×472 · Militia ×218 · Trade Cart ×63 · Battering Ram ×34 · Mangonel ×28
Feudal
—
Castle
10:10
Imperial
24:12
| APM avg | 22.3 |
| APM peak | 91 |
| eAPM avg | 18.4 |
| Villagers / military | 108 / 1160 |
Focus
⚔️ 24.5% · 🌾 75.5%
Spearman ×455 · War Elephant ×295 · Camel Scout ×105 · Scout Cavalry ×105 · Knight ×90 · Trade Cart ×52
Feudal
—
Castle
8:53
Imperial
—
| APM avg | 6.0 |
| APM peak | 54 |
| eAPM avg | 4.6 |
| Villagers / military | 152 / 5 |
Focus
⚔️ 8.1% · 🌾 91.9%
Trade Cart ×18 · Monk ×3 · Spearman ×2
Feudal
—
Castle
9:43
Imperial
26:15
| APM avg | 31.9 |
| APM peak | 92 |
| eAPM avg | 24.5 |
| Villagers / military | 130 / 1003 |
Focus
⚔️ 27.5% · 🌾 72.5%
Knight ×525 · Mangonel ×321 · Scorpion ×157 · Trade Cart ×106
Feudal
—
Castle
—
Imperial
—
| APM avg | 17.4 |
| APM peak | 114 |
| eAPM avg | 16.7 |
| Villagers / military | 133 / 389 |
Focus
⚔️ 30.0% · 🌾 70.0%
Knight ×129 · Scorpion ×99 · Spearman ×61 · Trade Cart ×60 · Mangonel ×31 · Ballista Elephant ×23
Feudal
—
Castle
6:53
Imperial
28:19
| APM avg | 19.4 |
| APM peak | 205 |
| eAPM avg | 18.6 |
| Villagers / military | 167 / 481 |
Focus
⚔️ 17.5% · 🌾 82.5%
Camel Scout ×275 · Mangonel ×139 · Trade Cart ×80 · Steppe Lancer ×48 · Scout Cavalry ×15 · Monk ×4
Feudal
—
Castle
7:20
Imperial
27:02
| APM avg | 49.0 |
| APM peak | 149 |
| eAPM avg | 35.5 |
| Villagers / military | 329 / 1629 |
Focus
⚔️ 20.6% · 🌾 79.4%
Scout Cavalry ×700 · Camel Scout ×487 · Trade Cart ×350 · Mangonel ×271 · Mangudai ×100 · Battering Ram ×55
Feudal
—
Castle
8:18
Imperial
29:45
| APM avg | 15.1 |
| APM peak | 50 |
| eAPM avg | 14.2 |
| Villagers / military | 347 / 1715 |
Focus
⚔️ 54.7% · 🌾 45.3%
Spearman ×668 · Skirmisher ×249 · Knight ×189 · Archer ×178 · Militia ×140 · Bombard Cannon ×117
Match map
Initial resources + every placement click. Lines = walls · curves = elevation contours. ◆ gold · ⬟ stone · ● berries · ✦ relic · ◌ wall gap
Inputs per minute
— AlarmedPuma7114 - - thescorpionking
Build order — AlarmedPuma7114
First 150 of 2084 actions detected
| 0:31 | Create | Villager (Male) |
| 0:31 | Create | Villager (Male) |
| 0:32 | Create | Villager (Male) |
| 0:32 | Create | Villager (Male) |
| 0:44 | Create | Villager (Male) |
| 0:55 | Build | Farm |
| 1:00 | Create | Villager (Male) |
| 1:01 | Create | Villager (Male) |
| 1:47 | Create | Villager (Male) |
| 2:05 | Create | Villager (Male) |
| 2:16 | Build | House |
| 2:19 | Build | House |
| 2:33 | Create | Villager (Male) |
| 2:43 | Research | Horse Collar |
| 2:45 | Research | Double-Bit Axe |
| 2:54 | Create | Villager (Male) |
| 3:04 | Build | Mill |
| 3:30 | Create | Villager (Male) |
| 4:06 | Build | Mining Camp |
| 4:21 | Build | Farm |
| 4:21 | Build | Farm |
| 4:25 | Create | Villager (Male) |
| 4:55 | Build | Market |
| 5:23 | Build | Farm |
| 5:24 | Build | Farm |
| 5:26 | Create | Villager (Male) |
| 5:28 | Build | Farm |
| 5:32 | Research | Wheelbarrow |
| 5:46 | Create | Villager (Male) |
| 5:54 | Build | House |
| 5:57 | Build | House |
| 6:12 | Build | Farm |
| 6:12 | Build | Farm |
| 6:13 | Build | Farm |
| 6:14 | Build | Farm |
| 6:26 | Create | Trade Cart |
| 6:26 | Create | Trade Cart |
| 6:27 | Create | Trade Cart |
| 6:39 | Build | Farm |
| 6:42 | Research | Castle Age |
| 6:51 | Research | Stone Mining |
| 6:53 | Research | Gold Mining |
| 7:29 | Build | Mining Camp |
| 7:41 | Build | Mining Camp |
| 7:43 | Create | Villager (Male) |
| 7:45 | Create | Villager (Male) |
| 7:59 | Build | Farm |
| 7:59 | Build | Farm |
| 8:00 | Build | Farm |
| 8:08 | Create | Villager (Male) |
| 9:40 | Create | Trade Cart |
| 9:41 | Create | Trade Cart |
| 9:44 | Create | Trade Cart |
| 9:52 | Create | Villager (Male) |
| 9:53 | Create | Villager (Male) |
| 9:54 | Create | Villager (Male) |
| 10:04 | Build | Town Center |
| 10:17 | Create | Villager (Male) |
| 10:18 | Build | Farm |
| 10:21 | Create | Villager (Male) |
| 10:22 | Create | Villager (Male) |
| 10:26 | Research | Caravan |
| 10:35 | Create | Villager (Male) |
| 10:37 | Research | Bow Saw |
| 10:55 | Research | Heavy Plow |
| 11:43 | Create | Trade Cart |
| 11:52 | Build | Farm |
| 11:53 | Build | Farm |
| 12:07 | Create | Villager (Male) |
| 12:08 | Create | Villager (Male) |
| 12:09 | Create | Villager (Male) |
| 12:09 | Create | Villager (Male) |
| 12:09 | Create | Villager (Male) |
| 12:10 | Create | Villager (Male) |
| 12:11 | Build | Farm |
| 12:29 | Create | Villager (Male) |
| 12:29 | Create | Villager (Male) |
| 12:31 | Create | Trade Cart |
| 12:32 | Create | Trade Cart |
| 12:33 | Create | Villager (Male) |
| 12:53 | Build | Town Center |
| 13:14 | Create | Villager (Male) |
| 13:17 | Create | Villager (Male) |
| 13:19 | Create | Villager (Male) |
| 13:20 | Create | Villager (Male) |
| 13:27 | Build | House |
| 13:28 | Build | House |
| 13:28 | Build | House |
| 13:30 | Build | House |
| 13:30 | Build | House |
| 13:34 | Research | Hand Cart |
| 13:38 | Create | Villager (Male) |
| 13:39 | Create | Villager (Male) |
| 13:46 | Research | Stone Shaft Mining |
| 13:52 | Create | Villager (Male) |
| 14:10 | Build | Castle |
| 14:28 | Create | Villager (Male) |
| 14:34 | Create | Villager (Male) |
| 14:34 | Create | Villager (Male) |
| 14:35 | Create | Villager (Male) |
| 14:36 | Create | Trade Cart |
| 14:38 | Create | Trade Cart |
| 14:39 | Create | Villager (Male) |
| 14:39 | Create | Villager (Male) |
| 14:41 | Build | House |
| 14:42 | Build | House |
| 14:44 | Build | House |
| 14:54 | Create | Villager (Male) |
| 14:54 | Create | Villager (Male) |
| 15:08 | Create | Trade Cart |
| 15:35 | Build | Barracks |
| 15:40 | Build | Barracks |
| 15:59 | Build | Town Center |
| 16:03 | Create | Villager (Male) |
| 16:09 | Build | Lumber Camp |
| 16:13 | Create | Villager (Male) |
| 16:16 | Research | Imperial Age |
| 16:24 | Create | Villager (Male) |
| 16:24 | Create | Villager (Male) |
| 16:29 | Build | Farm |
| 16:30 | Build | Farm |
| 16:30 | Build | Farm |
| 16:31 | Build | Farm |
| 16:32 | Build | Farm |
| 16:36 | Create | Villager (Male) |
| 16:37 | Create | Trade Cart |
| 16:38 | Create | Trade Cart |
| 17:01 | Build | House |
| 17:02 | Build | House |
| 17:17 | Create | Villager (Male) |
| 17:21 | Build | Farm |
| 17:27 | Build | Farm |
| 17:46 | Build | Siege Workshop |
| 17:48 | Build | Siege Workshop |
| 17:54 | Build | Barracks |
| 17:56 | Build | Barracks |
| 18:01 | Research | Man-at-Arms (upgrade) |
| 18:03 | Research | Forging |
| 18:33 | Build | House |
| 18:36 | Build | House |
| 18:42 | Build | University |
| 18:45 | Create | Villager (Male) |
| 18:46 | Create | Villager (Male) |
| 18:46 | Create | Villager (Male) |
| 18:47 | Create | Villager (Male) |
| 18:47 | Research | Town Watch |
| 18:49 | Research | Scale Mail Armor |
| 19:05 | Build | Monastery |
| 19:22 | Create | Scorpion |
| 19:23 | Create | Scorpion |
Build order — thescorpionking
First 150 of 652 actions detected
| 0:13 | Create | Villager (Male) |
| 0:13 | Create | Villager (Male) |
| 0:26 | Build | Mining Camp |
| 0:34 | Create | Villager (Male) |
| 1:06 | Research | Double-Bit Axe |
| 1:09 | Research | Wheelbarrow |
| 1:44 | Create | Villager (Male) |
| 1:45 | Create | Villager (Male) |
| 2:18 | Create | Villager (Male) |
| 2:42 | Create | Villager (Male) |
| 3:13 | Build | Stone Wall |
| 3:16 | Build | Building 487 |
| 3:18 | Build | Building 487 |
| 3:27 | Create | Villager (Male) |
| 3:42 | Build | House |
| 3:44 | Build | House |
| 3:45 | Build | House |
| 3:46 | Build | House |
| 3:50 | Build | Market |
| 3:53 | Build | Market |
| 3:55 | Build | Market |
| 3:58 | Build | Market |
| 4:18 | Build | Farm |
| 4:19 | Build | Farm |
| 4:21 | Build | Farm |
| 4:22 | Build | Farm |
| 4:23 | Build | Farm |
| 4:24 | Build | Farm |
| 4:56 | Create | Villager (Male) |
| 4:57 | Create | Villager (Male) |
| 5:00 | Create | Villager (Male) |
| 5:15 | Research | Gold Mining |
| 5:18 | Research | Stone Mining |
| 5:57 | Build | Outpost |
| 6:03 | Create | Villager (Male) |
| 6:06 | Create | Villager (Male) |
| 6:21 | Create | Villager (Male) |
| 6:33 | Build | Mining Camp |
| 6:42 | Build | Farm |
| 6:43 | Build | Farm |
| 6:44 | Build | Farm |
| 6:52 | Build | Farm |
| 6:53 | Build | Farm |
| 6:54 | Build | Farm |
| 7:20 | Research | Town Watch |
| 7:45 | Research | Castle Age |
| 8:47 | Create | Trade Cart |
| 8:48 | Create | Trade Cart |
| 8:48 | Create | Trade Cart |
| 8:48 | Create | Trade Cart |
| 9:34 | Build | Farm |
| 9:36 | Build | Farm |
| 9:42 | Build | Farm |
| 10:08 | Research | Horse Collar |
| 10:10 | Age | Castle Age |
| 10:12 | Research | Hand Cart |
| 10:13 | Create | Villager (Male) |
| 10:24 | Build | Town Center |
| 10:30 | Build | Town Center |
| 10:34 | Build | Town Center |
| 10:47 | Build | Town Center |
| 11:25 | Build | Monastery |
| 11:33 | Create | Villager (Male) |
| 11:35 | Create | Villager (Male) |
| 11:37 | Create | Villager (Male) |
| 11:40 | Create | Villager (Male) |
| 11:43 | Create | Villager (Male) |
| 12:01 | Create | Villager (Male) |
| 12:01 | Create | Villager (Male) |
| 12:01 | Create | Villager (Male) |
| 12:03 | Create | Villager (Male) |
| 12:03 | Create | Villager (Male) |
| 12:07 | Create | Villager (Male) |
| 12:09 | Create | Villager (Male) |
| 12:10 | Create | Monk |
| 12:10 | Create | Monk |
| 12:13 | Create | Villager (Male) |
| 12:36 | Build | Town Center |
| 12:43 | Create | Villager (Male) |
| 12:43 | Create | Villager (Male) |
| 12:44 | Create | Villager (Male) |
| 12:46 | Create | Villager (Male) |
| 12:48 | Create | Villager (Male) |
| 12:56 | Build | Siege Workshop |
| 12:59 | Create | Villager (Male) |
| 13:10 | Create | Villager (Male) |
| 13:10 | Create | Villager (Male) |
| 13:14 | Build | Farm |
| 13:15 | Build | Farm |
| 13:15 | Build | Farm |
| 13:29 | Build | Farm |
| 14:00 | Research | Bow Saw |
| 14:00 | Research | Bow Saw |
| 14:38 | Create | Villager (Male) |
| 14:42 | Create | Villager (Male) |
| 14:42 | Create | Villager (Male) |
| 14:42 | Create | Villager (Male) |
| 14:43 | Create | Villager (Male) |
| 14:54 | Build | House |
| 14:58 | Build | House |
| 15:00 | Build | House |
| 15:01 | Build | House |
| 15:02 | Build | House |
| 15:03 | Build | House |
| 15:13 | Build | Siege Workshop |
| 15:14 | Build | Siege Workshop |
| 15:15 | Build | Siege Workshop |
| 15:18 | Build | Siege Workshop |
| 15:20 | Build | Siege Workshop |
| 15:31 | Research | Caravan |
| 15:32 | Create | Trade Cart ×3 |
| 15:43 | Create | Villager (Male) |
| 15:44 | Create | Villager (Male) |
| 15:44 | Create | Villager (Male) |
| 15:53 | Create | Villager (Male) |
| 16:14 | Build | Lumber Camp |
| 16:18 | Create | Villager (Male) |
| 16:34 | Build | University |
| 16:41 | Research | Town Watch |
| 16:55 | Build | Castle |
| 17:02 | Build | Farm |
| 17:05 | Build | Farm |
| 17:09 | Build | Farm |
| 17:10 | Build | Farm |
| 17:11 | Build | Farm |
| 17:12 | Build | Farm |
| 17:13 | Build | Farm |
| 17:18 | Create | Villager (Male) |
| 17:18 | Create | Villager (Male) |
| 17:18 | Create | Villager (Male) |
| 17:18 | Create | Villager (Male) |
| 17:23 | Create | Villager (Male) ×3 |
| 17:33 | Build | Farm |
| 17:34 | Build | Farm |
| 17:35 | Build | Farm |
| 17:36 | Build | Farm |
| 17:38 | Create | Villager (Male) |
| 17:42 | Build | Farm |
| 17:45 | Build | Farm |
| 17:46 | Build | Farm |
| 17:47 | Build | Farm |
| 17:49 | Build | Farm |
| 17:52 | Create | Villager (Male) |
| 17:59 | Build | Lumber Camp |
| 18:10 | Research | Gold Shaft Mining |
| 18:10 | Research | Stone Shaft Mining |
| 18:17 | Create | Villager (Male) |
| 18:24 | Build | Farm |
| 18:31 | Build | Farm |
| 18:33 | Build | Farm |
Build order — nff
First 150 of 337 actions detected
| 0:07 | Create | Villager (Male) |
| 0:07 | Create | Villager (Male) |
| 0:07 | Create | Villager (Male) |
| 0:28 | Build | House |
| 0:29 | Build | House |
| 0:32 | Build | House |
| 0:48 | Research | Horse Collar |
| 0:48 | Research | Horse Collar |
| 0:51 | Research | Double-Bit Axe |
| 0:54 | Create | Villager (Male) |
| 0:55 | Create | Villager (Male) |
| 0:55 | Create | Villager (Male) |
| 1:12 | Build | Stone Wall |
| 1:18 | Build | Building 490 |
| 1:22 | Build | Building 490 |
| 1:33 | Create | Villager (Male) |
| 1:44 | Build | Market |
| 1:54 | Create | Villager (Male) |
| 1:54 | Create | Villager (Male) |
| 2:18 | Build | Farm |
| 2:21 | Research | Wheelbarrow |
| 2:32 | Create | Villager (Male) |
| 2:58 | Build | House |
| 2:59 | Build | House |
| 3:00 | Build | House |
| 3:13 | Create | Villager (Male) |
| 3:31 | Build | Mining Camp |
| 4:26 | Create | Villager (Male) |
| 4:35 | Create | Villager (Male) |
| 5:06 | Build | Farm |
| 5:06 | Build | Farm |
| 5:08 | Build | Farm |
| 5:11 | Create | Villager (Male) |
| 5:24 | Build | Watch Tower |
| 5:47 | Create | Villager (Male) |
| 5:51 | Build | House |
| 5:52 | Build | House |
| 6:18 | Build | Farm |
| 6:21 | Build | Farm |
| 6:26 | Build | Farm |
| 6:28 | Research | Castle Age |
| 6:28 | Research | Castle Age |
| 6:48 | Build | Mining Camp |
| 6:54 | Build | House |
| 6:54 | Build | House |
| 6:59 | Build | House |
| 7:05 | Research | Gold Mining |
| 7:06 | Research | Gold Mining |
| 7:06 | Research | Gold Mining |
| 7:10 | Research | Stone Mining |
| 7:10 | Research | Stone Mining |
| 7:10 | Research | Stone Mining |
| 7:16 | Build | Farm |
| 7:23 | Build | Farm |
| 7:25 | Build | Farm |
| 7:29 | Build | Farm |
| 7:30 | Build | Farm |
| 7:32 | Build | Farm |
| 7:40 | Build | Farm |
| 7:56 | Create | Villager (Male) |
| 7:57 | Create | Villager (Male) |
| 8:28 | Build | Farm |
| 8:53 | Age | Castle Age |
| 8:56 | Build | Monastery |
| 9:10 | Research | Bow Saw |
| 9:10 | Research | Bow Saw |
| 9:13 | Research | Heavy Plow |
| 9:15 | Create | Villager (Male) |
| 9:29 | Create | Spearman |
| 9:29 | Create | Spearman |
| 9:41 | Build | Watch Tower |
| 9:48 | Create | Villager (Male) |
| 9:48 | Create | Villager (Male) |
| 10:14 | Create | Monk |
| 10:15 | Create | Monk |
| 10:15 | Create | Monk |
| 10:23 | Create | Villager (Male) |
| 10:25 | Create | Villager (Male) |
| 10:32 | Build | Town Center |
| 10:52 | Research | Fervor |
| 12:10 | Create | Villager (Male) |
| 12:10 | Create | Villager (Male) |
| 12:10 | Create | Villager (Male) |
| 12:10 | Create | Villager (Male) |
| 12:45 | Create | Villager (Male) |
| 12:46 | Create | Villager (Male) |
| 12:50 | Build | Town Center |
| 13:17 | Create | Villager (Male) |
| 13:17 | Create | Villager (Male) |
| 13:18 | Create | Villager (Male) |
| 13:18 | Create | Villager (Male) |
| 13:18 | Create | Villager (Male) |
| 13:18 | Create | Villager (Male) |
| 13:20 | Create | Villager (Male) |
| 13:28 | Build | Town Center |
| 13:32 | Research | Forging |
| 13:37 | Build | Lumber Camp |
| 13:48 | Research | Pikeman (upgrade) |
| 13:48 | Research | Pikeman (upgrade) |
| 13:52 | Build | Farm |
| 13:53 | Build | Farm |
| 13:54 | Build | Farm |
| 13:55 | Build | Farm |
| 13:58 | Create | Villager (Male) |
| 14:09 | Build | Town Center |
| 14:15 | Build | Lumber Camp |
| 14:33 | Build | Monastery |
| 14:34 | Build | House |
| 14:35 | Build | House |
| 14:35 | Build | House |
| 14:36 | Build | House |
| 14:42 | Create | Villager (Male) |
| 14:42 | Create | Villager (Male) |
| 14:42 | Create | Villager (Male) |
| 14:45 | Research | Stone Shaft Mining |
| 14:45 | Research | Stone Shaft Mining |
| 14:45 | Research | Gold Shaft Mining |
| 14:46 | Research | Gold Shaft Mining |
| 15:07 | Create | Villager (Male) |
| 15:11 | Create | Villager (Male) |
| 15:11 | Create | Villager (Male) |
| 15:11 | Create | Villager (Male) |
| 15:11 | Create | Villager (Male) |
| 15:12 | Create | Villager (Male) |
| 15:37 | Create | Villager (Male) |
| 15:37 | Create | Villager (Male) |
| 15:38 | Create | Villager (Male) |
| 15:40 | Create | Villager (Male) |
| 15:41 | Create | Villager (Male) |
| 15:41 | Create | Villager (Male) |
| 15:52 | Build | Town Center |
| 15:56 | Build | Farm |
| 15:57 | Build | Farm |
| 15:59 | Build | Farm |
| 15:59 | Build | Farm |
| 16:00 | Build | Farm |
| 16:09 | Build | Lumber Camp |
| 16:12 | Research | Scale Mail Armor |
| 16:22 | Create | Villager (Male) |
| 16:22 | Create | Villager (Male) |
| 16:23 | Create | Villager (Male) |
| 16:23 | Create | Villager (Male) |
| 16:23 | Create | Villager (Male) |
| 16:24 | Create | Villager (Male) |
| 16:30 | Create | Villager (Male) |
| 16:34 | Create | Villager (Male) |
| 16:35 | Create | Villager (Male) |
| 16:35 | Create | Villager (Male) |
| 16:48 | Build | Town Center |
| 17:14 | Create | Villager (Male) |
Build order — gohary93
First 150 of 741 actions detected
| 0:13 | Create | Villager (Male) ×4 |
| 0:14 | Create | Villager (Male) ×4 |
| 0:28 | Build | Market |
| 0:34 | Build | House |
| 0:35 | Build | House |
| 0:41 | Build | House |
| 0:43 | Build | House |
| 1:00 | Build | Mining Camp |
| 1:34 | Create | Villager (Male) |
| 1:35 | Create | Villager (Male) |
| 1:37 | Research | Double-Bit Axe |
| 1:42 | Research | Horse Collar |
| 2:41 | Create | Villager (Male) |
| 2:42 | Create | Villager (Male) |
| 2:44 | Research | Stone Mining |
| 2:49 | Research | Gold Mining |
| 3:09 | Build | Farm |
| 3:11 | Build | Farm |
| 3:13 | Build | Farm |
| 3:14 | Build | Farm |
| 3:15 | Build | Farm |
| 3:17 | Build | Farm |
| 3:29 | Build | Farm |
| 3:33 | Research | Wheelbarrow |
| 3:59 | Build | House |
| 4:00 | Build | House |
| 4:00 | Build | House |
| 4:00 | Build | House |
| 4:01 | Build | House |
| 4:02 | Build | House |
| 4:03 | Build | House |
| 4:10 | Create | Villager (Male) |
| 4:11 | Create | Villager (Male) |
| 6:00 | Create | Villager (Male) |
| 6:01 | Create | Villager (Male) |
| 6:45 | Build | House |
| 6:45 | Build | House |
| 6:56 | Build | Market |
| 6:59 | Build | Market |
| 7:00 | Build | Market |
| 7:03 | Research | Castle Age |
| 7:13 | Build | Market |
| 7:24 | Build | Farm |
| 7:25 | Build | Farm |
| 7:26 | Build | Farm |
| 7:27 | Build | Farm |
| 7:29 | Build | Farm |
| 7:33 | Build | Farm |
| 7:35 | Build | Farm |
| 7:41 | Build | Mill |
| 8:18 | Build | Mill |
| 8:28 | Build | Mining Camp |
| 8:38 | Build | Farm |
| 8:38 | Build | Farm |
| 9:43 | Age | Castle Age |
| 9:48 | Research | Bow Saw |
| 9:50 | Research | Heavy Plow |
| 9:52 | Create | Villager (Male) ×5 |
| 10:07 | Build | Town Center |
| 10:21 | Research | Stone Shaft Mining |
| 10:23 | Research | Gold Shaft Mining |
| 10:31 | Build | Town Center |
| 11:16 | Create | Villager (Male) ×5 |
| 11:17 | Research | Hand Cart |
| 11:23 | Build | Farm |
| 11:26 | Build | Farm |
| 11:26 | Build | Farm |
| 11:37 | Build | Farm |
| 11:54 | Create | Villager (Male) |
| 11:57 | Create | Villager (Male) |
| 11:57 | Create | Villager (Male) |
| 11:57 | Create | Villager (Male) |
| 11:58 | Create | Villager (Male) ×2 |
| 12:09 | Build | Town Center |
| 12:44 | Build | Mining Camp |
| 12:52 | Create | Villager (Male) ×5 |
| 12:53 | Create | Villager (Male) |
| 13:01 | Build | Farm |
| 13:05 | Build | Lumber Camp |
| 13:25 | Create | Villager (Male) ×4 |
| 13:31 | Build | Farm |
| 13:32 | Build | Farm |
| 13:33 | Build | Farm |
| 13:34 | Build | Farm |
| 13:35 | Build | Farm |
| 13:38 | Build | Farm |
| 13:38 | Build | Farm |
| 13:39 | Build | Farm |
| 13:53 | Create | Villager (Male) ×2 |
| 14:00 | Create | Villager (Male) |
| 14:13 | Research | Caravan |
| 14:15 | Create | Trade Cart ×5 |
| 14:22 | Create | Trade Cart ×3 |
| 14:28 | Create | Villager (Male) |
| 14:29 | Create | Villager (Male) |
| 14:52 | Create | Villager (Male) ×3 |
| 15:10 | Build | Mining Camp |
| 15:16 | Create | Villager (Male) |
| 15:16 | Create | Villager (Male) |
| 15:16 | Create | Villager (Male) |
| 15:20 | Create | Villager (Male) ×3 |
| 15:20 | Create | Villager (Male) ×3 |
| 15:20 | Create | Villager (Male) ×3 |
| 15:20 | Create | Villager (Male) ×4 |
| 15:21 | Create | Villager (Male) |
| 15:33 | Build | House |
| 15:35 | Build | House |
| 15:35 | Build | House |
| 15:35 | Build | House |
| 15:36 | Build | House |
| 15:36 | Build | House |
| 15:37 | Build | House |
| 15:40 | Build | House |
| 15:40 | Build | House |
| 15:40 | Build | House |
| 15:40 | Build | House |
| 15:40 | Build | House |
| 15:40 | Build | House |
| 15:40 | Build | House |
| 15:40 | Build | House |
| 16:03 | Build | Siege Workshop |
| 16:05 | Build | Siege Workshop |
| 16:06 | Build | Siege Workshop |
| 16:08 | Build | Siege Workshop |
| 16:33 | Build | Siege Workshop |
| 16:37 | Build | Siege Workshop |
| 16:40 | Build | Siege Workshop |
| 16:44 | Build | Siege Workshop |
| 16:53 | Create | Villager (Male) |
| 16:53 | Create | Villager (Male) |
| 16:56 | Build | Farm |
| 16:57 | Build | Farm |
| 17:01 | Build | Farm |
| 17:01 | Build | Farm |
| 17:01 | Build | Farm |
| 17:08 | Create | Villager (Male) |
| 17:08 | Create | Villager (Male) |
| 17:08 | Create | Villager (Male) |
| 17:10 | Create | Villager (Male) ×5 |
| 17:10 | Create | Villager (Male) ×5 |
| 17:10 | Create | Villager (Male) ×5 |
| 17:11 | Create | Villager (Male) ×4 |
| 17:11 | Create | Villager (Male) ×4 |
| 17:27 | Create | Villager (Male) |
| 17:27 | Create | Villager (Male) |
| 17:27 | Create | Villager (Male) |
| 17:28 | Create | Villager (Male) |
| 17:35 | Build | Lumber Camp |
| 17:41 | Build | Lumber Camp |
| 17:49 | Create | Villager (Male) ×3 |
Build order — RogueBongo1669
First 150 of 781 actions detected
| 0:06 | Research | Wheelbarrow |
| 0:29 | Build | House |
| 0:31 | Build | House |
| 0:32 | Build | House |
| 0:37 | Research | Double-Bit Axe |
| 1:16 | Build | Market |
| 1:28 | Create | Villager (Male) |
| 1:28 | Create | Villager (Male) |
| 1:29 | Create | Villager (Male) |
| 1:29 | Create | Villager (Male) |
| 1:29 | Create | Villager (Male) |
| 2:18 | Build | House |
| 2:19 | Build | House |
| 2:21 | Build | House |
| 2:28 | Research | Horse Collar |
| 3:08 | Build | Mill |
| 4:27 | Build | Farm |
| 4:32 | Build | Farm |
| 4:36 | Build | Farm |
| 4:44 | Build | Farm |
| 4:52 | Build | Farm |
| 5:04 | Build | Farm |
| 5:08 | Research | Castle Age |
| 6:06 | Create | Villager (Male) |
| 6:07 | Create | Villager (Male) |
| 6:07 | Create | Villager (Male) |
| 6:07 | Create | Villager (Male) |
| 6:08 | Create | Villager (Male) |
| 6:08 | Create | Villager (Male) |
| 6:22 | Build | Mining Camp |
| 7:23 | Build | Mining Camp |
| 7:30 | Build | Mining Camp |
| 7:53 | Build | Town Center |
| 8:14 | Research | Bow Saw |
| 9:13 | Create | Villager (Male) |
| 9:13 | Create | Villager (Male) |
| 9:14 | Create | Villager (Male) |
| 9:14 | Create | Villager (Male) |
| 9:14 | Create | Villager (Male) |
| 9:15 | Create | Villager (Male) |
| 9:15 | Create | Villager (Male) |
| 9:15 | Create | Villager (Male) |
| 9:16 | Create | Villager (Male) |
| 9:16 | Create | Villager (Male) |
| 9:16 | Create | Villager (Male) |
| 9:17 | Create | Villager (Male) |
| 10:17 | Research | Heavy Plow |
| 10:48 | Build | Town Center |
| 11:21 | Research | Hand Cart |
| 11:26 | Create | Villager (Male) |
| 11:27 | Create | Villager (Male) |
| 11:27 | Create | Villager (Male) |
| 11:27 | Create | Villager (Male) |
| 11:27 | Create | Villager (Male) |
| 11:28 | Create | Villager (Male) |
| 11:28 | Create | Villager (Male) |
| 11:29 | Create | Villager (Male) |
| 11:51 | Build | Town Center |
| 12:49 | Build | House |
| 12:50 | Build | House |
| 12:52 | Build | House |
| 12:59 | Create | Villager (Male) |
| 13:00 | Create | Villager (Male) |
| 13:00 | Create | Villager (Male) |
| 13:00 | Create | Villager (Male) |
| 13:01 | Create | Villager (Male) |
| 13:01 | Create | Villager (Male) |
| 13:01 | Create | Villager (Male) |
| 13:27 | Build | Farm |
| 13:32 | Build | Farm |
| 13:43 | Build | Farm |
| 13:49 | Build | Farm |
| 14:01 | Build | Farm |
| 14:06 | Build | Farm |
| 14:15 | Build | House |
| 14:16 | Build | House |
| 14:17 | Build | House |
| 14:18 | Build | House |
| 14:21 | Build | House |
| 14:30 | Build | Farm |
| 14:34 | Build | Farm |
| 14:57 | Build | Farm |
| 15:03 | Build | Farm |
| 15:07 | Build | Farm |
| 15:13 | Build | Farm |
| 15:26 | Research | Stone Mining |
| 15:27 | Research | Gold Mining |
| 15:54 | Build | Farm |
| 15:59 | Build | Farm |
| 16:05 | Build | Farm |
| 16:35 | Build | Market |
| 16:40 | Build | Market |
| 16:47 | Build | Market |
| 16:52 | Build | Market |
| 16:55 | Research | Caravan |
| 17:01 | Research | Imperial Age |
| 17:05 | Build | Farm |
| 17:15 | Build | Lumber Camp |
| 17:33 | Create | Villager (Male) |
| 17:33 | Create | Villager (Male) |
| 17:34 | Create | Villager (Male) |
| 17:34 | Create | Villager (Male) |
| 17:34 | Create | Villager (Male) |
| 17:35 | Create | Villager (Male) |
| 17:35 | Create | Villager (Male) |
| 17:55 | Build | House |
| 17:57 | Build | House |
| 17:58 | Build | House |
| 18:43 | Build | Farm |
| 18:48 | Build | Farm |
| 19:13 | Build | House |
| 19:15 | Build | House |
| 19:16 | Build | House |
| 19:17 | Build | House |
| 19:19 | Build | House |
| 19:22 | Build | House |
| 19:25 | Build | House |
| 19:45 | Create | Villager (Male) |
| 19:45 | Create | Villager (Male) |
| 19:45 | Create | Villager (Male) |
| 19:45 | Create | Villager (Male) |
| 19:45 | Create | Villager (Male) |
| 19:46 | Create | Villager (Male) |
| 19:46 | Create | Villager (Male) |
| 19:47 | Create | Villager (Male) |
| 19:47 | Create | Villager (Male) |
| 19:47 | Create | Villager (Male) |
| 19:48 | Create | Villager (Male) |
| 19:48 | Create | Villager (Male) |
| 19:48 | Create | Villager (Male) |
| 19:48 | Create | Villager (Male) |
| 19:49 | Create | Villager (Male) |
| 20:00 | Research | Stone Shaft Mining |
| 20:04 | Research | Gold Shaft Mining |
| 20:19 | Create | Villager (Male) |
| 20:19 | Create | Villager (Male) |
| 20:19 | Create | Villager (Male) |
| 20:27 | Build | Mining Camp |
| 20:35 | Build | Farm |
| 20:43 | Build | Farm |
| 20:49 | Build | Farm |
| 20:53 | Build | Farm |
| 21:09 | Research | Coinage |
| 21:10 | Create | Trade Cart |
| 21:10 | Create | Trade Cart |
| 21:10 | Create | Trade Cart |
| 21:10 | Create | Trade Cart |
| 21:10 | Create | Trade Cart |
| 21:11 | Create | Trade Cart |
| 21:11 | Create | Trade Cart |
Build order — 'The Grinch'
First 150 of 476 actions detected
| 0:02 | Create | Villager (Male) ×4 |
| 0:33 | Build | Mill |
| 0:39 | Create | Villager (Male) |
| 0:54 | Build | Stone Wall |
| 1:05 | Research | Wheelbarrow |
| 1:05 | Create | Villager (Male) |
| 1:20 | Create | Villager (Male) |
| 1:39 | Build | Market |
| 1:42 | Build | Lumber Camp |
| 2:24 | Build | Farm |
| 2:39 | Create | Villager (Male) |
| 3:04 | Research | Horse Collar |
| 3:10 | Create | Villager (Male) |
| 3:25 | Build | Farm |
| 3:30 | Create | Villager (Male) |
| 3:49 | Build | Farm |
| 3:51 | Build | House |
| 3:53 | Build | House |
| 3:58 | Build | House |
| 4:13 | Research | Castle Age |
| 4:25 | Create | Trade Cart |
| 4:46 | Build | Farm |
| 4:54 | Build | Farm |
| 5:01 | Research | Double-Bit Axe |
| 5:15 | Build | Building 490 |
| 5:25 | Create | Trade Cart |
| 5:54 | Build | Mining Camp |
| 5:59 | Create | Villager (Male) |
| 5:59 | Create | Villager (Male) |
| 6:48 | Build | Mining Camp |
| 6:53 | Age | Castle Age |
| 6:58 | Build | Monastery |
| 7:04 | Build | Monastery |
| 7:06 | Create | Villager (Male) |
| 7:07 | Create | Villager (Male) |
| 7:11 | Research | Bow Saw |
| 7:18 | Create | Villager (Male) |
| 7:38 | Create | Villager (Male) |
| 7:45 | Create | Monk |
| 7:57 | Create | Monk |
| 8:08 | Create | Villager (Male) |
| 8:08 | Create | Villager (Male) |
| 8:18 | Build | Town Center |
| 8:26 | Create | Villager (Male) |
| 8:32 | Research | Hand Cart |
| 8:36 | Create | Villager (Male) |
| 8:36 | Create | Villager (Male) |
| 9:11 | Create | Monk |
| 9:21 | Research | Heavy Plow |
| 9:24 | Create | Villager (Male) |
| 9:42 | Create | Villager (Male) |
| 9:42 | Create | Villager (Male) |
| 9:45 | Create | Villager (Male) |
| 9:45 | Create | Villager (Male) |
| 9:55 | Create | Villager (Male) |
| 9:57 | Create | Villager (Male) |
| 10:19 | Create | Monk |
| 10:35 | Create | Villager (Male) ×5 |
| 10:47 | Build | Town Center |
| 10:59 | Build | House |
| 11:47 | Build | Farm |
| 11:47 | Build | Farm |
| 11:50 | Build | Farm |
| 11:51 | Build | Farm |
| 12:40 | Build | House |
| 12:42 | Create | Villager (Male) ×5 |
| 12:43 | Create | Villager (Male) ×4 |
| 13:04 | Create | Villager (Male) |
| 13:06 | Create | Trade Cart |
| 13:07 | Create | Trade Cart |
| 13:14 | Build | Town Center |
| 13:17 | Create | Villager (Male) |
| 13:24 | Build | Farm |
| 13:24 | Build | Farm |
| 13:25 | Build | Farm |
| 13:28 | Build | Farm |
| 13:29 | Build | Farm |
| 13:35 | Create | Villager (Male) ×2 |
| 13:45 | Build | House |
| 13:47 | Create | Trade Cart |
| 13:47 | Create | Trade Cart |
| 13:53 | Create | Villager (Male) ×2 |
| 13:57 | Build | Farm |
| 13:57 | Build | Farm |
| 13:57 | Build | Farm |
| 13:58 | Build | Farm |
| 13:58 | Build | Farm |
| 14:17 | Build | Farm |
| 14:17 | Build | Farm |
| 14:18 | Build | Farm |
| 14:20 | Build | House |
| 14:21 | Build | House |
| 14:22 | Build | House |
| 14:23 | Create | Trade Cart |
| 14:28 | Create | Villager (Male) ×3 |
| 14:31 | Build | Lumber Camp |
| 14:46 | Create | Villager (Male) ×2 |
| 14:59 | Research | Stone Mining |
| 15:16 | Create | Villager (Male) |
| 15:16 | Create | Villager (Male) |
| 15:22 | Create | Trade Cart |
| 15:22 | Create | Trade Cart |
| 15:27 | Create | Villager (Male) ×3 |
| 15:32 | Build | Farm |
| 15:32 | Build | Farm |
| 15:33 | Build | Farm |
| 15:35 | Create | Villager (Male) |
| 15:38 | Build | Farm |
| 15:45 | Create | Villager (Male) ×2 |
| 15:59 | Research | Stone Shaft Mining |
| 16:11 | Create | Villager (Male) |
| 16:11 | Create | Villager (Male) |
| 16:11 | Create | Villager (Male) |
| 16:31 | Build | Mining Camp |
| 16:35 | Create | Villager (Male) ×4 |
| 16:46 | Build | Castle |
| 16:54 | Create | Trade Cart |
| 16:54 | Create | Trade Cart |
| 16:59 | Build | Market |
| 17:04 | Build | Market |
| 17:05 | Build | Market |
| 17:08 | Create | Villager (Male) ×5 |
| 17:10 | Create | Villager (Male) ×2 |
| 17:12 | Build | House |
| 17:13 | Build | House |
| 17:14 | Build | House |
| 17:14 | Build | House |
| 17:15 | Build | House |
| 17:16 | Build | House |
| 17:20 | Research | Town Watch |
| 17:23 | Create | Villager (Male) ×3 |
| 17:43 | Research | Fletching |
| 17:45 | Research | Scale Barding Armor |
| 17:52 | Create | Villager (Male) ×2 |
| 17:58 | Build | Farm |
| 17:58 | Build | Farm |
| 18:03 | Research | Nomads |
| 18:13 | Create | Trade Cart ×5 |
| 18:22 | Create | Villager (Male) ×5 |
| 18:36 | Research | Caravan |
| 18:54 | Build | House |
| 18:54 | Build | House |
| 18:55 | Build | House |
| 18:55 | Build | House |
| 18:55 | Build | House |
| 18:58 | Build | House |
| 19:00 | Build | House |
| 19:00 | Build | House |
| 19:00 | Build | House |
| 19:01 | Build | House |
Build order — The Sting
First 150 of 1069 actions detected
| 0:02 | Create | Villager (Male) |
| 0:02 | Create | Villager (Male) |
| 0:03 | Create | Villager (Male) |
| 0:44 | Research | Double-Bit Axe |
| 0:55 | Research | Horse Collar |
| 1:01 | Build | Farm |
| 1:02 | Build | Farm |
| 1:02 | Build | Farm |
| 1:02 | Build | Farm |
| 1:02 | Build | Farm |
| 1:09 | Build | House |
| 1:10 | Build | House |
| 1:28 | Create | Villager (Male) |
| 1:29 | Create | Villager (Male) |
| 1:44 | Build | Stone Wall |
| 1:50 | Build | Building 487 |
| 2:04 | Create | Villager (Male) |
| 2:05 | Create | Villager (Male) |
| 2:10 | Build | Market |
| 2:45 | Build | Mill |
| 2:59 | Create | Villager (Male) |
| 3:35 | Build | Farm |
| 3:50 | Create | Villager (Male) |
| 3:51 | Create | Villager (Male) |
| 3:57 | Build | Mining Camp |
| 4:07 | Build | Farm |
| 4:28 | Research | Castle Age |
| 5:03 | Create | Villager (Male) |
| 5:03 | Create | Villager (Male) |
| 5:07 | Build | House |
| 5:08 | Build | House |
| 5:10 | Build | House |
| 5:12 | Build | House |
| 7:20 | Age | Castle Age |
| 7:23 | Build | Town Center |
| 7:26 | Build | Town Center |
| 7:32 | Build | Town Center |
| 7:44 | Research | Bow Saw |
| 7:51 | Build | Farm |
| 8:02 | Create | Villager (Male) |
| 8:02 | Create | Villager (Male) |
| 8:23 | Research | Wheelbarrow |
| 8:23 | Create | Villager (Male) |
| 8:24 | Create | Villager (Male) |
| 8:40 | Create | Villager (Male) |
| 8:40 | Create | Villager (Male) |
| 8:40 | Create | Villager (Male) |
| 8:46 | Create | Villager (Male) |
| 8:47 | Create | Villager (Male) |
| 8:47 | Create | Villager (Male) |
| 8:47 | Create | Villager (Male) |
| 9:14 | Create | Villager (Male) |
| 9:15 | Create | Villager (Male) |
| 9:15 | Create | Villager (Male) |
| 9:15 | Create | Villager (Male) |
| 9:16 | Create | Villager (Male) |
| 9:21 | Build | Town Center |
| 9:31 | Create | Villager (Male) |
| 9:37 | Build | Farm |
| 9:37 | Build | Farm |
| 9:38 | Build | Farm |
| 9:38 | Build | Farm |
| 9:40 | Build | Farm |
| 9:40 | Build | Farm |
| 9:49 | Build | Farm |
| 9:50 | Build | Farm |
| 9:50 | Build | Farm |
| 9:50 | Build | Farm |
| 9:50 | Build | Farm |
| 9:51 | Build | Farm |
| 9:51 | Build | Farm |
| 9:51 | Build | Farm |
| 9:51 | Build | Farm |
| 9:52 | Build | Farm |
| 9:52 | Build | Farm |
| 9:53 | Build | Farm |
| 9:53 | Build | Farm |
| 9:53 | Build | Farm |
| 9:54 | Build | Farm |
| 9:54 | Build | Farm |
| 9:54 | Build | Farm |
| 9:55 | Build | Farm |
| 9:55 | Build | Farm |
| 9:56 | Build | Farm |
| 9:56 | Build | Farm |
| 9:56 | Build | Farm |
| 9:57 | Build | Farm |
| 9:57 | Build | Farm |
| 9:57 | Build | Farm |
| 9:57 | Build | Farm |
| 9:58 | Build | Farm |
| 10:04 | Build | Farm |
| 10:04 | Build | Farm |
| 10:04 | Build | Farm |
| 10:05 | Build | Farm |
| 10:05 | Build | Farm |
| 10:05 | Build | Farm |
| 10:05 | Build | Farm |
| 10:06 | Build | Farm |
| 10:06 | Build | Farm |
| 10:06 | Build | Farm |
| 10:06 | Build | Farm |
| 10:07 | Build | Farm |
| 10:07 | Build | Farm |
| 10:07 | Build | Farm |
| 10:08 | Build | Farm |
| 10:08 | Build | Farm |
| 10:08 | Build | Farm |
| 10:09 | Build | Farm |
| 10:11 | Create | Villager (Male) |
| 10:11 | Create | Villager (Male) |
| 10:11 | Create | Villager (Male) |
| 10:11 | Create | Villager (Male) |
| 10:12 | Create | Villager (Male) |
| 10:26 | Create | Villager (Male) |
| 10:26 | Create | Villager (Male) |
| 10:26 | Create | Villager (Male) |
| 10:36 | Build | Farm |
| 10:36 | Build | Farm |
| 10:37 | Build | Farm |
| 10:38 | Build | Farm |
| 10:38 | Build | Farm |
| 10:39 | Build | Farm |
| 10:40 | Build | Farm |
| 10:40 | Build | Farm |
| 10:40 | Build | Farm |
| 10:40 | Build | Farm |
| 10:40 | Build | Farm |
| 10:52 | Create | Villager (Male) |
| 10:53 | Create | Villager (Male) |
| 10:53 | Create | Villager (Male) |
| 10:53 | Create | Villager (Male) |
| 10:54 | Create | Villager (Male) |
| 10:57 | Build | Mining Camp |
| 11:05 | Build | Farm |
| 11:07 | Build | Farm |
| 11:11 | Create | Villager (Male) |
| 11:11 | Create | Villager (Male) |
| 11:11 | Create | Villager (Male) |
| 11:15 | Build | Farm |
| 11:17 | Build | Farm |
| 11:23 | Build | Farm |
| 11:25 | Create | Villager (Male) |
| 11:25 | Create | Villager (Male) |
| 11:25 | Create | Villager (Male) |
| 11:30 | Build | Farm |
| 11:34 | Build | Farm |
| 11:36 | Build | Farm |
| 11:40 | Create | Villager (Male) |
| 11:41 | Create | Villager (Male) |
Build order — TE_WHEKE_IN_THE_MANUKAS_69
First 150 of 988 actions detected
| 0:13 | Create | Villager (Male) ×4 |
| 1:11 | Build | Mill |
| 2:39 | Create | Villager (Male) ×5 |
| 2:40 | Create | Villager (Male) ×5 |
| 2:40 | Create | Villager (Male) ×5 |
| 2:40 | Create | Villager (Male) ×2 |
| 2:47 | Research | Wheelbarrow |
| 2:48 | Create | Villager (Male) ×3 |
| 2:48 | Create | Villager (Male) ×3 |
| 2:49 | Create | Villager (Male) ×4 |
| 2:49 | Create | Villager (Male) |
| 3:23 | Build | Mining Camp |
| 3:51 | Build | Market |
| 4:08 | Build | Mining Camp |
| 4:15 | Build | Mining Camp |
| 5:16 | Build | House |
| 5:21 | Build | House |
| 5:23 | Build | House |
| 5:25 | Build | House |
| 5:27 | Build | House |
| 5:35 | Research | Castle Age |
| 7:36 | Research | Double-Bit Axe |
| 7:39 | Research | Gold Mining |
| 8:08 | Research | Stone Mining |
| 8:12 | Research | Horse Collar |
| 8:18 | Age | Castle Age |
| 9:06 | Build | Farm |
| 9:18 | Build | Monastery |
| 9:46 | Create | Monk |
| 9:46 | Create | Monk |
| 9:46 | Create | Monk |
| 9:46 | Create | Monk |
| 9:47 | Create | Monk |
| 9:47 | Create | Monk |
| 9:47 | Create | Monk |
| 10:01 | Research | Bow Saw |
| 10:18 | Build | Town Center |
| 10:37 | Research | Gold Shaft Mining |
| 11:04 | Research | Hand Cart |
| 12:09 | Build | Stable |
| 12:27 | Create | Villager (Male) |
| 12:27 | Create | Villager (Male) |
| 12:27 | Create | Villager (Male) |
| 13:12 | Create | Villager (Male) |
| 14:09 | Build | Farm |
| 14:10 | Build | Farm |
| 14:12 | Build | Farm |
| 14:13 | Build | Farm |
| 14:37 | Build | Farm |
| 14:39 | Build | Farm |
| 14:41 | Build | Farm |
| 14:42 | Build | Farm |
| 14:43 | Build | Farm |
| 14:45 | Build | Farm |
| 14:49 | Build | Farm |
| 14:50 | Build | Farm |
| 14:51 | Build | Farm |
| 14:53 | Build | Farm |
| 14:54 | Build | Farm |
| 14:58 | Create | Villager (Male) ×2 |
| 14:58 | Create | Villager (Male) ×2 |
| 15:58 | Create | Villager (Male) ×2 |
| 15:59 | Create | Villager (Male) ×2 |
| 15:59 | Create | Villager (Male) ×2 |
| 16:13 | Build | Castle |
| 16:51 | Build | Farm |
| 16:52 | Build | Farm |
| 16:53 | Build | Farm |
| 16:54 | Build | Farm |
| 16:55 | Build | Farm |
| 16:57 | Build | Farm |
| 17:10 | Create | Villager (Male) ×5 |
| 17:10 | Create | Villager (Male) ×5 |
| 17:11 | Create | Villager (Male) ×5 |
| 17:11 | Create | Villager (Male) ×5 |
| 17:11 | Create | Villager (Male) |
| 17:11 | Create | Villager (Male) |
| 17:31 | Create | Villager (Male) ×2 |
| 17:31 | Create | Villager (Male) ×2 |
| 17:46 | Build | Mill |
| 17:47 | Build | Mill |
| 17:50 | Build | Mill |
| 17:55 | Build | Farm |
| 17:57 | Build | Farm |
| 17:59 | Build | Farm |
| 18:03 | Research | Heavy Plow |
| 18:57 | Build | Town Center |
| 19:03 | Build | Town Center |
| 19:05 | Build | Town Center |
| 19:10 | Build | Town Center |
| 19:23 | Create | Villager (Male) ×5 |
| 19:23 | Create | Villager (Male) ×5 |
| 19:24 | Create | Villager (Male) ×5 |
| 19:24 | Create | Villager (Male) ×5 |
| 19:24 | Create | Villager (Male) ×5 |
| 19:24 | Create | Villager (Male) ×5 |
| 19:54 | Build | House |
| 19:56 | Build | House |
| 19:58 | Build | House |
| 19:59 | Build | House |
| 20:01 | Build | House |
| 20:02 | Build | House |
| 20:04 | Build | House |
| 20:05 | Build | House |
| 20:15 | Create | Villager (Male) ×5 |
| 20:15 | Create | Villager (Male) ×5 |
| 20:15 | Create | Villager (Male) ×5 |
| 20:41 | Create | Villager (Male) ×5 |
| 20:41 | Create | Villager (Male) ×5 |
| 20:41 | Create | Villager (Male) |
| 20:42 | Create | Villager (Male) |
| 20:42 | Create | Villager (Male) |
| 21:37 | Create | Villager (Male) ×5 |
| 21:37 | Create | Villager (Male) ×5 |
| 21:37 | Create | Villager (Male) ×5 |
| 21:37 | Create | Villager (Male) |
| 21:37 | Create | Villager (Male) |
| 22:48 | Create | Villager (Male) ×5 |
| 22:48 | Create | Villager (Male) ×5 |
| 22:48 | Create | Villager (Male) ×5 |
| 22:48 | Create | Villager (Male) ×5 |
| 22:49 | Create | Villager (Male) ×5 |
| 22:57 | Create | Villager (Male) ×3 |
| 22:57 | Create | Villager (Male) ×3 |
| 23:23 | Build | Mining Camp |
| 23:34 | Create | Trade Cart ×5 |
| 23:34 | Create | Trade Cart ×5 |
| 23:34 | Create | Trade Cart ×5 |
| 23:35 | Create | Trade Cart |
| 23:53 | Create | Villager (Male) ×5 |
| 23:53 | Create | Villager (Male) ×5 |
| 23:53 | Create | Villager (Male) ×5 |
| 23:53 | Create | Villager (Male) ×5 |
| 23:54 | Create | Villager (Male) ×2 |
| 24:04 | Build | Farm |
| 24:06 | Build | Farm |
| 24:42 | Build | Stone Wall |
| 24:49 | Build | Building 487 |
| 24:54 | Build | Stone Wall |
| 24:59 | Build | Building 487 |
| 25:12 | Build | Mining Camp |
| 25:39 | Build | Mining Camp |
| 25:58 | Build | Lumber Camp |
| 26:10 | Create | Trade Cart ×5 |
| 26:10 | Create | Trade Cart ×5 |
| 26:10 | Create | Trade Cart ×5 |
| 26:11 | Create | Trade Cart ×5 |
| 26:11 | Create | Trade Cart ×2 |
| 26:12 | Research | Caravan |
| 26:18 | Research | Caravan |
Match timeline
| 0:54 | 'The Grinch' · wall_segment Stone Wall x19 |
| 1:12 | nff · wall_segment Stone Wall x21 |
| 1:44 | The Sting · wall_segment Stone Wall x15 |
| 3:13 | thescorpionking · wall_segment Stone Wall x21 |
| 6:53 | 'The Grinch' · age_up castle |
| 6:58 | 'The Grinch' · first_building Monastery |
| 7:20 | The Sting · age_up castle |
| 8:18 | TE_WHEKE_IN_THE_MANUKAS_69 · age_up castle |
| 8:53 | nff · age_up castle |
| 8:56 | nff · first_building Monastery |
| 9:18 | TE_WHEKE_IN_THE_MANUKAS_69 · first_building Monastery |
| 9:43 | gohary93 · age_up castle |
| 10:10 | thescorpionking · age_up castle |
| 11:25 | thescorpionking · first_building Monastery |
| 12:09 | TE_WHEKE_IN_THE_MANUKAS_69 · first_building Stable |
| 12:56 | thescorpionking · first_building Siege Workshop |
| 14:10 | AlarmedPuma7114 · first_building Castle |
| 15:35 | AlarmedPuma7114 · first_building Barracks |
| 16:03 | gohary93 · first_building Siege Workshop |
| 16:13 | TE_WHEKE_IN_THE_MANUKAS_69 · first_building Castle |
| 16:46 | 'The Grinch' · first_building Castle |
| 16:55 | thescorpionking · first_building Castle |
| 17:46 | AlarmedPuma7114 · first_building Siege Workshop |
| 18:23 | nff · first_building Castle |
| 18:29 | The Sting · first_building Castle |
| 18:41 | The Sting · tribute_sent a jugador 1 |
| 18:41 | The Sting · tribute_sent a jugador 2 |
| 18:41 | The Sting · tribute_sent a jugador 3 |
| 18:41 | The Sting · tribute_sent a jugador 4 |
| 18:41 | The Sting · tribute_sent a jugador 5 |
| 18:41 | The Sting · tribute_sent a jugador 7 |
| 18:41 | The Sting · tribute_sent a jugador 8 |
| 19:05 | AlarmedPuma7114 · first_building Monastery |
| 19:45 | The Sting · first_building Siege Workshop |
| 20:19 | gohary93 · first_building Castle |
| 21:31 | RogueBongo1669 · first_building Castle |
| 23:49 | The Sting · first_market_sell 500 wood |
| 23:57 | gohary93 · wall_segment Stone Wall x20 |
| 24:07 | 'The Grinch' · first_building Siege Workshop |
| 24:12 | thescorpionking · age_up imperial |
| 24:27 | The Sting · first_building Stable |
| 24:30 | nff · first_building Siege Workshop |
| 24:42 | TE_WHEKE_IN_THE_MANUKAS_69 · wall_segment Stone Wall x19 |
| 24:54 | TE_WHEKE_IN_THE_MANUKAS_69 · wall_segment Stone Wall x17 |
| 25:20 | RogueBongo1669 · first_market_buy 100 stone |
| 26:12 | nff · resign |
| 26:15 | gohary93 · age_up imperial |
| 27:02 | The Sting · age_up imperial |
| 28:19 | 'The Grinch' · age_up imperial |
| 29:14 | RogueBongo1669 · first_building Monastery |
| 29:21 | thescorpionking · first_building Barracks |
| 29:31 | The Sting · first_building Archery Range |
| 29:45 | TE_WHEKE_IN_THE_MANUKAS_69 · age_up imperial |
| 30:13 | RogueBongo1669 · first_building Siege Workshop |
| 31:28 | TE_WHEKE_IN_THE_MANUKAS_69 · wall_segment Stone Wall x22 |
| 31:37 | gohary93 · wall_segment Stone Wall x7 |
| 31:40 | gohary93 · wall_segment Stone Wall x7 |
| 32:23 | TE_WHEKE_IN_THE_MANUKAS_69 · first_building Siege Workshop |
| 33:04 | gohary93 · first_building Stable |
| 34:37 | The Sting · first_market_buy 500 stone |
| 34:51 | thescorpionking · wall_segment Stone Wall x16 |
| 35:42 | thescorpionking · first_building Stable |
| 36:55 | RogueBongo1669 · first_building Barracks |
| 40:04 | gohary93 · wall_segment Stone Wall x7 |
| 40:09 | gohary93 · wall_segment Stone Wall x3 |
| 40:11 | gohary93 · wall_segment Stone Wall x7 |
| 40:15 | gohary93 · wall_segment Stone Wall x5 |
| 40:17 | gohary93 · wall_segment Stone Wall x6 |
| 40:21 | gohary93 · wall_segment Stone Wall x7 |
| 40:27 | gohary93 · wall_segment Stone Wall x3 |
| 40:35 | gohary93 · wall_segment Stone Wall x9 |
| 40:38 | gohary93 · wall_segment Stone Wall x4 |
| 42:52 | 'The Grinch' · first_building Stable |
| 44:31 | gohary93 · first_market_buy 100 stone |
| 45:21 | RogueBongo1669 · first_building Archery Range |
| 45:35 | gohary93 · first_building Barracks |
| 47:56 | TE_WHEKE_IN_THE_MANUKAS_69 · first_building Archery Range |
| 50:56 | gohary93 · first_market_sell 500 wood |
| 51:00 | TE_WHEKE_IN_THE_MANUKAS_69 · first_market_buy 100 stone |
| 51:22 | TE_WHEKE_IN_THE_MANUKAS_69 · first_building Barracks |
| 54:23 | thescorpionking · first_market_buy 500 stone |
| 55:26 | RogueBongo1669 · first_building Stable |
| 56:03 | gohary93 · wall_segment Stone Wall x11 |
| 56:08 | gohary93 · wall_segment Stone Wall x5 |
| 59:39 | gohary93 · wall_segment Stone Wall x6 |
| 59:40 | gohary93 · wall_segment Stone Wall x5 |
| 59:42 | gohary93 · wall_segment Stone Wall x7 |
| 59:58 | gohary93 · wall_segment Stone Wall x10 |
| 64:01 | RogueBongo1669 · wall_segment Stone Wall x16 |
| 64:54 | The Sting · tribute_sent a jugador 1 |
| 64:54 | The Sting · tribute_sent a jugador 2 |
| 64:54 | The Sting · tribute_sent a jugador 3 |
| 64:54 | The Sting · tribute_sent a jugador 4 |
| 64:54 | The Sting · tribute_sent a jugador 5 |
| 64:54 | The Sting · tribute_sent a jugador 7 |
| 64:54 | The Sting · tribute_sent a jugador 8 |
| 65:24 | AlarmedPuma7114 · first_building Stable |
| 71:48 | TE_WHEKE_IN_THE_MANUKAS_69 · wall_segment Stone Wall x6 |
| 72:03 | TE_WHEKE_IN_THE_MANUKAS_69 · wall_segment Stone Wall x5 |
| 72:07 | The Sting · wall_segment Stone Wall x23 |
| 74:59 | The Sting · tribute_sent a jugador 1 |
| 74:59 | The Sting · tribute_sent a jugador 2 |
| 74:59 | The Sting · tribute_sent a jugador 3 |
| 74:59 | The Sting · tribute_sent a jugador 4 |
| 74:59 | The Sting · tribute_sent a jugador 5 |
| 74:59 | The Sting · tribute_sent a jugador 7 |
| 74:59 | The Sting · tribute_sent a jugador 8 |
| 75:16 | The Sting · wall_segment Stone Wall x3 |
| 77:56 | AlarmedPuma7114 · wall_segment Palisade Wall x15 |
| 78:17 | gohary93 · wall_segment Stone Wall x16 |
| 81:12 | The Sting · wall_segment Stone Wall x12 |
| 82:01 | TE_WHEKE_IN_THE_MANUKAS_69 · wall_segment Stone Wall x8 |
| 82:18 | TE_WHEKE_IN_THE_MANUKAS_69 · wall_segment Stone Wall x3 |
| 82:40 | TE_WHEKE_IN_THE_MANUKAS_69 · wall_segment Stone Wall x20 |
| 83:16 | TE_WHEKE_IN_THE_MANUKAS_69 · wall_segment Stone Wall x10 |
| 83:22 | TE_WHEKE_IN_THE_MANUKAS_69 · wall_segment Stone Wall x19 |
| 88:58 | gohary93 · wall_segment Stone Wall x13 |
| 101:41 | TE_WHEKE_IN_THE_MANUKAS_69 · wall_segment Stone Wall x13 |
[ AI ANALYSIS · 1 CREDIT ]
What really happened in this match?
Wolo.gg analyzes every decision: build order, eco, micro, common mistakes by bracket. Personalized analysis on WhatsApp or Discord in 30 seconds.
Civ guide
Goths
Perfil
AlarmedPuma7114